AoeStats
← warwick

Four Lakes

509583526Analyzed
1v1 RM · 5d ago on Sep 27, 2026· 33m 58s· 2 players
Game mode
Random Map
Map size
Tiny (2 player)
Population
200
Speed
Normal
Resources
Standard
Victory
Conquest
Starting age
Dark Age
Ending age
Imperial Age
RankedLock teamsTeams togetherTeam positionsShared explorationLock speedFull tech treeHidden civsTurbo modeCheats
Victory
Defeat
🇬🇧 Danes · United Kingdom
318
+16
🇦🇺 Celts · Australia
325
-16
Lewisaaronwelch
7:12 Loom
9:38 Feudal Age
10:06 Double-Bit Axe
12:43 Man-at-Arms
14:14 Fishing Lines
15:43 Wheelbarrow
15:11 Horse Collar
20:59 Castle Age
20:37 Forging
20:18 Fletching
20:19 Arson
21:25 Long Swordsman
22:08 Gold Mining
22:09 Stone Mining
22:14 Gillnets
23:53 Elite Skirmisher
26:51 Bow Saw
26:40 Bodkin Arrow
32:29 Iron Casting
warwick
6:23 Loom
11:59 Feudal Age
13:21 Double-Bit Axe
13:27 Fishing Lines
18:23 Man-at-Arms
18:49 Arson
28:00 Castle Age
Connection lost

Rejoining the realm…

Still unreachable

The connection could not be restored.

Session expired

The server has moved on; the page needs a fresh start.